 Dungeon Crawl Stone Soup version 0.26.0-45-g9c1d065592 (webtiles) character file.

Game seed: 17039503938487442501

2022 sahdkjhfkaj the Carver (level 9, -14/64 HPs)
             Began as a Barachi Berserker on Jan 27, 2021.
             Was an Elder of Trog.
             Demolished by a swamp worm (15 damage)
             ... on level 7 of the Dungeon.
             The game lasted 00:06:43 (8288 turns).

sahdkjhfkaj the Carver (Barachi Berserker)          Turns: 8288, Time: 00:06:44

Health: -14/64     AC: 12    Str: 22    XL:     9   Next: 23%
Magic:  9/9        EV:  7    Int:  8    God:    Trog [****..]
Gold:   287        SH:  5    Dex: 11    Spells: 8/8 levels left

rFire    + . .     SeeInvis .   a - +0 falchion
rCold    . . .     Faith    .   (no shield)
rNeg     . . .     Spirit   .   n - +0 plate armour
rPois    .         Reflect  +   (no helmet)
rElec    .         Harm     .   (no cloak)
rCorr    .         Rampage  .   (no gloves)
Will     .....                  o - +0 pair of boots
Stlth    ..........             t - amulet of reflection
HPRegen  0.20/turn              q - ring of stealth
MPRegen  0.11/turn              y - ring of protection from fire

@: berserk cooldown, slowed, very slow
A: +LOS, swims, slowness 1, strong legs 1
a: Hop, Renounce Religion, Berserk, Trog's Hand, Brothers in Arms


You were on level 7 of the Dungeon.
You worshipped Trog.
Trog was greatly pleased with you.
You visited 1 branch of the dungeon, and saw 7 of its levels.

You collected 287 gold pieces.

Inventory:

Hand Weapons
 a - a +0 falchion (weapon)
Armour
 n - a +0 plate armour (worn)
 o - a +0 pair of boots (worn)
Jewellery
 q - a ring of stealth (left hand)
 t - an amulet of reflection (around neck)
 y - a ring of protection from fire (right hand)
 A - an uncursed ring of flight
Wands
 b - a wand of random effects (18)
 v - a wand of iceblast (8)
 B - a wand of acid (13)
 C - a wand of flame (12)
Scrolls
 f - a scroll of magic mapping {unknown}
 h - 2 scrolls of enchant weapon
 j - 4 scrolls of teleportation {!r}
 k - a scroll of blinking {unknown}
 l - a scroll of fear {unknown}
 r - a scroll of enchant armour {unknown}
 w - 3 scrolls of remove curse
 x - 2 scrolls of immolation {unknown}
 z - 2 scrolls of amnesia {unknown}
Potions
 c - 5 potions of haste
 d - 4 potions of curing
 e - a potion of mutation
 g - 2 potions of ambrosia
 i - a potion of lignification {unknown}
 m - a potion of attraction
 s - 2 potions of heal wounds
 u - 2 potions of magic


   Skills:
 - Level 3.6 Fighting
 + Level 13.9 Long Blades
 - Level 2.4 Armour
 - Level 2.1 Dodging


You had 8 spell levels left.
You didn't know any spells.
Your spell library was empty.

Dungeon Overview and Level Annotations

Branches:
Dungeon (7/15)             Temple (0/1) D:4

Altars:
Ashenzari
Cheibriados
Dithmenos
Elyvilon
Kikubaaqudgha
Qazlal
Ru
Uskayaw

Shops:
D:6 [


Innate Abilities, Weirdness & Mutations

You can be seen from farther away. (+LOS)
You can swim through water.
You cover ground slowly.
You can hop short distances.


Message History

Unknown command.
You closely miss the swamp worm.
The swamp worm is almost dead.
The swamp worm bites you!!
* * * LOW HITPOINT WARNING * * *
Unknown command.
You slash the swamp worm!
You kill the swamp worm!
Trog accepts your kill. The swamp worm bites you.
* * * LOW HITPOINT WARNING * * *
You feel a strong urge to attack something.
The swamp worm bites you but does no damage.
You are no longer berserk.
You are exhausted.
You feel yourself slow down.
As you read the scroll labelled JEOKHL IGOPSOWK, it crumbles to dust.
You hear a very strange noise indeed.
It was a scroll of random uselessness.
The swamp worm bites you!
You die...

#.# #.###. ..# #.....
≈≈≈. ... #..... ≈≈≈
#.## #.....
###≈≈####..#.#.....
##≈##≈≈.....#.#.....
#≈≈≈#≈≈≈##..#....<..
##≈≈≈##≈≈##..###(#### .
#≈≈≈@≈#≈≈.#.÷).(.# ...
##≈≈w##≈≈.#.÷(##.#
...≈l #!≈l#≈†≈(..#.##.#
....≈≈##≈##≈≈#.###..#.#
.....≈≈P≈P≈≈........#.#
.....≈≈≈≈≈≈≈.######...#
######≈≈≈≈≈### ##..#
###.### #.># ### ####


You could see a swamp worm and an iguana.

Vanquished Creatures
  Eustachio (D:4)
  Menkaure (D:4)
  2 swamp worms (D:7)
  A sky beast (D:5)
  A necrophage (D:6)
  2 orc warriors
  A centaur (D:7)
  A big kobold (D:7)
  A bullfrog (D:6)
  An electric eel (D:6)
  A centaur zombie (D:6)
  A jelly (D:7)
  3 orc wizards
  A centaur skeleton (D:7)
  2 orc priests (D:6)
  2 hounds (D:7)
  Ijyb (D:5)
  4 iguanas
  Natasha (thrice) (D:2)
  2 worker ants
  A hound skeleton (D:5)
  8 adders
  8 gnolls
  4 river rats (D:6)
  A shadow imp (D:7)
  A white imp (D:5)
  An ufetubus (D:5)
  4 oozes
  An adder skeleton (D:5)
  An adder zombie (D:5)
  A worm (D:3)
  5 dart slugs
  2 leopard geckos
  14 orcs
  6 bats
  3 giant cockroaches
  11 goblins
  9 hobgoblins
  8 jackals
  8 kobolds
  6 quokkas
  A ball python (D:4)
  2 frilled lizards
  6 rats
144 creatures vanquished.

Vanquished Creatures (others)
  3 plants
3 creatures vanquished.

Grand Total: 147 creatures vanquished

Notes
Turn   | Place    | Note
-------+----------+-------------------------------------------
     0 | D:1      | sahdkjhfkaj the Barachi Berserker began the quest for the
                  | Orb.
     0 | D:1      | Reached XP level 1. HP: 18/18 MP: 1/1
    80 | D:1      | Reached skill level 4 in Long Blades
   129 | D:1      | Reached XP level 2. HP: 24/24 MP: 2/2
   454 | D:1      | Reached skill level 5 in Long Blades
   454 | D:1      | Reached XP level 3. HP: 25/29 MP: 3/3
   794 | D:1      | Reached ** piety under Trog
  1026 | D:1      | Reached XP level 4. HP: 36/36 MP: 4/4
  1620 | D:2      | Reached skill level 6 in Long Blades
  1793 | D:2      | Found a snail-covered altar of Cheibriados.
  1919 | D:2      | Noticed Natasha
  1927 | D:2      | Killed Natasha
  2054 | D:2      | Noticed Natasha
  2071 | D:2      | Killed Natasha
  2072 | D:2      | Reached XP level 5. HP: 15/41 MP: 5/5
  2159 | D:2      | Noticed Natasha
  2170 | D:2      | Killed Natasha
  2171 | D:2      | Reached skill level 7 in Long Blades
  3334 | D:4      | Reached *** piety under Trog
  3335 | D:4      | Reached skill level 8 in Long Blades
  3335 | D:4      | Reached XP level 6. HP: 26/47 MP: 6/6
  3479 | D:4      | Found a broken altar of Ashenzari.
  3707 | D:4      | Noticed Menkaure
  3725 | D:4      | Killed Menkaure
  3871 | D:4      | Reached skill level 9 in Long Blades
  3965 | D:4      | Noticed Eustachio
  3990 | D:4      | Killed Eustachio
  3991 | D:4      | Reached XP level 7. HP: 26/52 MP: 7/7
  4303 | D:4      | Found a staircase to the Ecumenical Temple.
  4694 | D:5      | Entered Level 5 of the Dungeon
  4694 | D:5      | Noticed Ijyb
  4704 | D:5      | Killed Ijyb
  4705 | D:5      | Reached skill level 10 in Long Blades
  5081 | D:5      | Found a shadowy altar of Dithmenos.
  5580 | D:5      | Reached XP level 8. HP: 31/59 MP: 8/8
  5766 | D:5      | Reached skill level 11 in Long Blades
  6452 | D:6      | Found Zuruewk's Antique Armour Boutique.
  6833 | D:6      | Reached skill level 12 in Long Blades
  7889 | D:7      | Found a sacrificial altar of Ru.
  7899 | D:7      | Found an ancient bone altar of Kikubaaqudgha.
  7899 | D:7      | Found a hide-covered altar of Uskayaw.
  7900 | D:7      | Found a white marble altar of Elyvilon.
  7900 | D:7      | Found a stormy altar of Qazlal.
  7973 | D:7      | Reached skill level 13 in Long Blades
  7973 | D:7      | Reached XP level 9. HP: 64/64 MP: 9/9
  8027 | D:7      | Reached **** piety under Trog
  8283 | D:7      | HP: 3/96 [swamp worm (20)]
  8284 | D:7      | HP: 1/96 [swamp worm (2)]
  8288 | D:7      | Demolished by a swamp worm

Illustrated notes

Levels and vault maps discovered:
D:1:      lemuel_arrival_river_passageway, layout_loops_corners,
          chequers_serial_rivers_small_a
D:2:      layout_loops_ring, overflow_temple_1_default, uniq_natasha
D:3:      layout_loops_ring
D:4:      layout_loops_corners, marbit_many_paths, minmay_temple_entry_mist,
          minmay_misc_feat_room, st_stairs_4, due_unseen_surprise,
          uniq_menkaure, uniq_eustachio
D:5:      layout_loops_ring, grunt_dithmenos_smoke, minmay_fountain_box,
          corexii_leaking_fountain, uniq_ijyb
D:6:      wad_woods_tower, layout_basic, serial_shops, nicolae_shop_statue_plus,
          minmay_crystal_water, dk_vineyard_2, grunt_decor_clamped,
          eino_tiny_chamber
D:7:      layout_basic, grunt_temple_overflow_open, basic_altar, worms_lemuel

Skill      XL: |  1  2  3  4  5  6  7  8 |
---------------+-------------------------+-----
Long Blades    | 4 5 6 8 9 10 13 | 13.9
Fighting       | |  3.6
Armour         | |  2.4
Dodging        | |  2.1

Action                   |  1- 3 |  4- 6 |  7- 9 || total
-------------------------+-------+-------+-------++-------
Melee: Falchion          |    76 |   243 |   413 ||   732
Invok: Berserk           |     1 |     2 |     7 ||    10
 Abil: Hop               |       |       |     1 ||     1
  Use: Potion            |       |     1 |     1 ||     2
       Scroll            |       |     7 |     4 ||    11
Armor: Animal skin       |    18 |     1 |       ||    19
       Plate armour      |       |   181 |   172 ||   353
Dodge: Dodged            |    55 |    75 |   101 ||   231
Block: Other             |       |       |    49 ||    49
       Reflection        |       |       |     1 ||     1
       Rpst.: Falchion   |    20 |    15 |    45 ||    80
